 Dungeon Crawl Stone Soup version 0.27-a0-1188-g73eefd5def (webtiles) character file.

Game seed: 3122277361752752735

4 pistachioham the Vexing (level 1, 0/17 HPs)
             Began as a Gnoll Arcane Marksman on May 21, 2021.
             Slain by a jackal (1 damage)
             ... on level 1 of the Dungeon.
             The game lasted 00:00:48 (294 turns).

pistachioham the Vexing (Gnoll Arcane Marksman)      Turns: 294, Time: 00:00:49

Health: 0/17       AC:  2    Str:  9    XL:     1   Next: 60%
Magic:  4/4        EV: 13    Int: 12    God:
Gold:   0          SH:  0    Dex: 12    Spells: 4/5 levels left

rFire    . . .     SeeInvis .   b - +0 hand axe
rCold    . . .     Faith    .   (no shield)
rNeg     . . .     Spirit   .   e - +0 robe
rPois    .         Reflect  .   (no helmet)
rElec    .         Harm     .   (no cloak)
rCorr    .         Rampage  .   (no gloves)
Will     .....                  (no boots)
Stlth    +.........             (no amulet)
HPRegen  0.05/turn              (no ring)
MPRegen  0.09/turn              (no ring)

@: no status effects
A: fangs 1, strong nose, distributed training
a: no special abilities


You were on level 1 of the Dungeon.
You visited 1 branch of the dungeon, and saw 1 of its levels.

Inventory:

Hand Weapons
 a - a +0 hand crossbow
 b - a +0 hand axe (weapon)
Missiles
 d - 20 bolts
Armour
 e - a +0 robe (worn)
Potions
 c - a potion of invisibility {unknown}


   Skills:
 + Level 2.4 Fighting
 + Level 0.1 Short Blades
 + Level 0.1 Long Blades
 + Level 0.1 Axes
 + Level 0.1 Maces & Flails
 + Level 0.1 Polearms
 + Level 0.1 Staves
 + Level 0.1 Slings
 + Level 0.1 Bows
 + Level 4.4 Crossbows
 + Level 0.1 Throwing
 + Level 0.1 Armour
 + Level 4.4 Dodging
 + Level 0.1 Stealth
 + Level 0.1 Shields
 + Level 0.1 Unarmed Combat
 + Level 2.6 Spellcasting
 + Level 0.1 Conjurations
 + Level 5.3 Hexes
 + Level 0.1 Summonings
 + Level 0.1 Necromancy
 + Level 0.1 Translocations
 + Level 0.1 Transmutations
 + Level 0.1 Fire Magic
 + Level 0.1 Ice Magic
 + Level 0.1 Air Magic
 + Level 0.1 Earth Magic
 + Level 0.1 Poison Magic
 + Level 0.2 Invocations
 + Level 0.1 Evocations


You had 4 spell levels left.
You knew the following spells:

 Your Spells              Type           Power      Damage    Failure   Level
a - Corona                Hex            15%        N/A       2%          1

Your spell library contained the following spells:

 Spells                   Type           Power      Damage    Failure   Level
 Slow                     Hex            14%        N/A       4%          2
 Inner Flame              Hex/Fire       8%         N/A       26%         3
 Portal Projectile        Hex/Tloc       16%        N/A       26%         3
 Cause Fear               Hex            7%         N/A       28%         4
 Leda's Liquefaction      Hex/Erth       4%         N/A       63%         4


Dungeon Overview and Level Annotations

Branches:
Dungeon (1/15)

Altars:


Innate Abilities, Weirdness & Mutations

You have very sharp teeth.
Your uncanny sense of smell can sniff out nearby items.
Your experience applies equally to all skills.


Message History

You completely miss the jackal. You hit the jackal.
The jackal barely misses you. The jackal closely misses you. x2
The hobgoblin closely misses you. The jackal misses you.
Unknown command.
You hit the hobgoblin.
The hobgoblin is severely wounded.
You hit the jackal. x2; The jackal barely misses you.
The jackal closely misses you. The hobgoblin misses you.
The jackal bites you but does no damage.
The jackal barely misses you.
Unknown command.
You hit the hobgoblin but do no damage.
The hobgoblin is severely wounded.
You barely miss the jackal. You miss the jackal.
The jackal bites you but does no damage.
The hobgoblin hits you. The jackal closely misses you. x2
The jackal bites you. The hobgoblin misses you.
Unknown command.
You barely miss the hobgoblin.
The hobgoblin is severely wounded.
You closely miss the jackal. You hit the jackal. The jackal barely misses you.
The jackal bites you.
* * * LOW HITPOINT WARNING * * *
The hobgoblin closely misses you.
Unknown command.
You hit the hobgoblin.
You kill the hobgoblin!
You hit the jackal but do no damage. You barely miss the jackal.
The jackal misses you.
The jackal bites you but does no damage.
The jackal completely misses you. The jackal closely misses you.
The jackal barely misses you.
The quokka twitches its whiskers.
You hit the jackal but do no damage. You miss the jackal.
You hit the jackal but do no damage. The jackal bites you.
* * * LOW HITPOINT WARNING * * *
The jackal bites you.
* * * LOW HITPOINT WARNING * * *
The jackal barely misses you. The jackal bites you.
You die...

.......# # ......#
#.......# . ..... #.....
#.##.#rr########
#....hhh....... #@###...#
#...#...###. ##
#.#.#....... .. ...
#........... .#
#.##.#####.#....... .#
#.##...............
.########.########†#.######
..........................∆
.###### #.########.#.#####


You could see a quokka, 3 jackals and a rat.

Vanquished Creatures
  A hobgoblin (D:1)
  A bat (D:1)
  A frilled lizard (D:1)
  2 goblins (D:1)
5 creatures vanquished.

Notes
Turn   | Place    | Note
-------+----------+-------------------------------------------
     0 | D:1      | pistachioham the Gnoll Arcane Marksman began the quest for
                  | the Orb.
     0 | D:1      | Reached XP level 1. HP: 17/17 MP: 4/4
   294 | D:1      | Slain by a jackal

Illustrated notes

Levels and vault maps discovered:
D:1:      onia_arrival_mini_maze_b, layout_basic,
          ebering_ecumenical_altar_sacrificial, serial_shops, shop,
          chequers_jeans

Action                   || total
-------------------------++-------
Melee: Hand axe          ||    18
       Bite              ||     1
 Cast: Corona            ||     3
Armor: Robe              ||    14
Dodge: Dodged            ||    27

Table legend: (Time is in decaauts)
 A = Elapsed time spent in this place.
 B = Non-inter-level travel time spent in this place.
 C = Inter-level travel time spent in this place.
 D = Time resting spent in this place.
 E = Time spent auto-exploring this place.
 F = Levels seen in this place.
 G = Mean time per level.
                   A        B        C        D        E       F      G
               +--------+--------+--------+--------+--------+-----+--------+
         Total |    298 |    286 |     12 |      0 |    235 |   1 |  298.0 |
       Dungeon |    298 |    286 |     12 |      0 |    235 |   1 |  298.0 |
               +--------+--------+--------+--------+--------+-----+--------+

Top non-repeatable levels by time:
     D:1: 298 daAuts
